EVO
VANDERBILT UNIVERSITY COMMODORES @ UNIVERSITY OF NORTH CAROLINA AT CHAPEL HILL TAR HEELS
11/05/2048
 
TOP OF THE 1ST
Vanderbilt University Commodores batting - Pitching for University of Arizona Wildcats : LHP Jamal Jeter
Pitching: LHP Jamal Jeter
Batting: RHB Ryan Cole 0-0: Called Strike
0-1: Called Strike
0-2: Ball
1-2: Ball
2-2: Fly out, F8 (Flyball, 8LD, EV 93.8 MPH)
Batting: LHB Dennis French 0-0: Ball
1-0: Ball
2-0: Swinging Strike
2-1: SINGLE (Flyball, 89S, EV 91.9 MPH)
Batting: RHB Mel Bohorquez 0-0: SINGLE (Groundball, 56D, EV 103.8 MPH)
Dennis French to second
Batting: LHB Ryan Adams 0-0: Called Strike
0-1: Called Strike
0-2: Foul Ball, location: 2F
0-2: Ball
1-2: Strikes out swinging
Batting: LHB Tony Olmos 0-0: Ball
Wild Pitch!
Dennis French to third
Mel Bohorquez to second
1-0: Ball
2-0: Ball
3-0: Base on Balls
Batting: RHB Ryan Wright 0-0: Ball
1-0: Foul Ball, location: 2F
1-1: Called Strike
1-2: Strikes out swinging
Top of the 1st over - 0 runs, 2 hits, 0 errors, 3 left on base; Vanderbilt University 0 - University of Arizona 0
BOTTOM OF THE 1ST
University of Arizona Wildcats batting - Pitching for Vanderbilt University Commodores : RHP Mamadou Morand
Pitching: RHP Mamadou Morand
Batting: LHB Pascal Noël 0-0: Ball
1-0: Ground out U3 (Groundball, 3L, EV 101.9 MPH)
Batting: LHB Jere Paatelainen 0-0: Fly out, F8 (Flyball, 8LD, EV 82.5 MPH)
Batting: RHB Ron Dondale 0-0: Ball
1-0: Called Strike
1-1: Ball
2-1: SINGLE (Flyball, 5D, EV 82.5 MPH)
Batting: RHB Ricardo Fernandez 0-0: Swinging Strike
0-1: Ball
1-1: Foul Ball, location: 2F
1-2: Strikes out swinging
Bottom of the 1st over - 0 runs, 1 hit, 0 errors, 1 left on base; Vanderbilt University 0 - University of Arizona 0
TOP OF THE 2ND
Vanderbilt University Commodores batting - Pitching for University of Arizona Wildcats : LHP Jamal Jeter
Batting: LHB Garret Mathis 0-0: Called Strike
0-1: SINGLE (Groundball, 4MD, EV 105.6 MPH)
Batting: LHB Jessie Whedbee 0-0: Swinging Strike
0-1: Foul Ball, location: 2F
0-2: Foul Ball, location: 2F
0-2: Foul Ball, location: 2F
0-2: Foul Ball, location: 2F
0-2: Ball
1-2: Grounds into double play, 1-6-3 (Groundball, 13S, EV 71.2 MPH)
Batting: RHB Mike Weeks 0-0: Ball
1-0: Ball
2-0: Called Strike
2-1: Foul Ball, location: 2F
2-2: Ball
3-2: DOUBLE (Groundball, 5L, EV 95.6 MPH)
Pitching: LHP Armando Guzman
Batting: RHB Ryan Cole 0-0: Ball
1-0: Swinging Strike
1-1: Ball
2-1: Called Strike
2-2: Strikes out looking
Top of the 2nd over - 0 runs, 2 hits, 0 errors, 1 left on base; Vanderbilt University 0 - University of Arizona 0
BOTTOM OF THE 2ND
University of Arizona Wildcats batting - Pitching for Vanderbilt University Commodores : RHP Mamadou Morand
Batting: RHB Steve Carmichael 0-0: Called Strike
0-1: Ball
1-1: Foul Ball, location: 2F
1-2: Foul Ball, location: 2F
1-2: Ball
2-2: Fly out, F9 (Flyball, 9LS, EV 86.2 MPH)
Batting: RHB Manny Corral 0-0: Ball
1-0: Ball
2-0: Foul Ball, location: 2F
2-1: Foul Ball, location: 2F
2-2: Ball
3-2: Fly out, F2 (Popup, 23F, EV 80.0 MPH)
Batting: LHB Lihau Keawe 0-0: Foul Ball, location: 2F
0-1: Ball
1-1: Called Strike
1-2: Fly out, F7 (Flyball, 78M, EV 95.0 MPH)
Bottom of the 2nd over - 0 runs, 0 hits, 0 errors, 0 left on base; Vanderbilt University 0 - University of Arizona 0
TOP OF THE 3RD
Vanderbilt University Commodores batting - Pitching for University of Arizona Wildcats : LHP Armando Guzman
Batting: LHB Dennis French 0-0: Ball
1-0: Fly out, F8 (Flyball, 8RM, EV 89.4 MPH)
Batting: RHB Mel Bohorquez 0-0: Ball
1-0: Ball
2-0: DOUBLE (Groundball, 5L, EV 104.4 MPH)
Batting: LHB Ryan Adams 0-0: Ball
1-0: Called Strike
1-1: Ball
2-1: Foul Ball, location: 2F
2-2: Ball
3-2: Ground out 6-3 (Groundball, 6, EV 82.5 MPH)
Batting: LHB Tony Olmos 0-0: Foul Ball, location: 2F
0-1: Swinging Strike
0-2: Ball
1-2: Foul Ball, location: 2F
1-2: Foul Ball, location: 2F
1-2: Foul Ball, location: 2F
1-2: Strikes out swinging
Top of the 3rd over - 0 runs, 1 hit, 0 errors, 1 left on base; Vanderbilt University 0 - University of Arizona 0
BOTTOM OF THE 3RD
University of Arizona Wildcats batting - Pitching for Vanderbilt University Commodores : RHP Mamadou Morand
Batting: RHB Larry Harlow 0-0: Ball
1-0: Fly out, F8 (Flyball, 8RD, EV 87.5 MPH)
Batting: SHB George Grace 0-0: Ball
1-0: Fly out, F9 (Flyball, 9D, EV 99.4 MPH)
Batting: LHB Pascal Noël 0-0: Ball
1-0: SINGLE (Flyball, 78S, EV 91.9 MPH)
Batting: LHB Jere Paatelainen 0-0: Called Strike
0-1: Swinging Strike
0-2: Ball
1-2: Ball
2-2: Ball
3-2: Strikes out looking
Bottom of the 3rd over - 0 runs, 1 hit, 0 errors, 1 left on base; Vanderbilt University 0 - University of Arizona 0
TOP OF THE 4TH
Vanderbilt University Commodores batting - Pitching for University of Arizona Wildcats : LHP Armando Guzman
Pitching: RHP Chris Obloy
Batting: RHB Ryan Wright 0-0: Ball
1-0: Fly out, F8 (Flyball, 8LXD, EV 94.4 MPH)
Batting: LHB Garret Mathis 0-0: Foul Ball, location: 2F
0-1: Ball
1-1: Ball
2-1: Fly out, F4 (Line Drive, 4, EV 69.4 MPH)
Batting: LHB Jessie Whedbee 0-0: Foul Ball, location: 2F
0-1: Ball
1-1: Called Strike
1-2: Strikes out swinging
Top of the 4th over - 0 runs, 0 hits, 0 errors, 0 left on base; Vanderbilt University 0 - University of Arizona 0
BOTTOM OF THE 4TH
University of Arizona Wildcats batting - Pitching for Vanderbilt University Commodores : RHP Mamadou Morand
Batting: RHB Ron Dondale 0-0: Called Strike
0-1: Called Strike
0-2: Ball
1-2: Ball
2-2: Ball
3-2: Base on Balls
Batting: RHB Ricardo Fernandez 0-0: Called Strike
0-1: Foul Ball, location: 2F
0-2: Strikes out swinging
Batting: RHB Steve Carmichael 0-0: Ball
1-0: Foul Ball, location: 2F
1-1: Foul Ball, location: 2F
1-2: Ball
2-2: Foul Ball, location: 2F
2-2: Strikes out swinging
Batting: RHB Manny Corral 0-0: Called Strike
Ron Dondale steals 2nd base
0-1: Foul Ball, location: 2F
0-2: Foul Ball, location: 2F
0-2: Strikes out swinging
Bottom of the 4th over - 0 runs, 0 hits, 0 errors, 1 left on base; Vanderbilt University 0 - University of Arizona 0
TOP OF THE 5TH
Vanderbilt University Commodores batting - Pitching for University of Arizona Wildcats : RHP Chris Obloy
Batting: RHB Mike Weeks 0-0: Ball
1-0: Ball
2-0: Called Strike
2-1: Ball
3-1: Ground out 5-3 (Groundball, 5S, EV 75.6 MPH)
Batting: RHB Ryan Cole 0-0: Called Strike
0-1: Ground out 4-3 (Groundball, 34D, EV 98.1 MPH)
Batting: LHB Dennis French 0-0: Ball
1-0: SINGLE (Groundball, 34D, EV 98.1 MPH)
Pitching: LHP Lance Freake
Batting: RHB Mel Bohorquez 0-0: Called Strike
0-1: Foul Ball, location: 2F
0-2: Ball
1-2: Ball
2-2: Ball
3-2: SINGLE (Groundball, 6MD, EV 106.2 MPH)
Dennis French to second
Dennis French to third
Batting: LHB Ryan Adams 0-0: Called Strike
0-1: Ball
1-1: Ball
2-1: Fly out, F8 (Flyball, 8RD, EV 92.5 MPH)
Top of the 5th over - 0 runs, 2 hits, 0 errors, 2 left on base; Vanderbilt University 0 - University of Arizona 0
BOTTOM OF THE 5TH
University of Arizona Wildcats batting - Pitching for Vanderbilt University Commodores : RHP Mamadou Morand
Batting: LHB Lihau Keawe 0-0: SINGLE (Line Drive, 7LS, EV 104.4 MPH)
Batting: RHB Larry Harlow 0-0: Ball
1-0: Called Strike
1-1: SINGLE (Line Drive, 7S, EV 103.1 MPH)
Lihau Keawe to second
Batting: SHB George Grace 0-0: Foul Ball, location: 2F
0-1: Sac Bunt to 13 - play at third, runner OUT! 1-5
Larry Harlow to second
Batting: LHB Pascal Noël 0-0: Ball
1-0: Foul Ball, location: 2F
1-1: Foul Ball, location: 2F
1-2: Ball
2-2: Fly out, F8 (Line Drive, 8LM, EV 86.9 MPH)
Batting: LHB Jere Paatelainen 0-0: Foul Ball, location: 2F
0-1: Swinging Strike
0-2: Foul Ball, location: 2F
0-2: Ground out 4-3 (Groundball, 4, EV 79.4 MPH)
Bottom of the 5th over - 0 runs, 2 hits, 0 errors, 2 left on base; Vanderbilt University 0 - University of Arizona 0
TOP OF THE 6TH
Vanderbilt University Commodores batting - Pitching for University of Arizona Wildcats : LHP Lance Freake
Pinch Hitting: RHB Jelani Griffin 0-0: Foul Ball, location: 2F
0-1: Fly out, F9 (Flyball, 9D, EV 96.2 MPH)
Batting: RHB Ryan Wright 0-0: Ball
1-0: Foul Ball, location: 2F
1-1: Fly out, F8 (Flyball, 8LM, EV 92.5 MPH)
Batting: LHB Garret Mathis 0-0: Ball
1-0: Ground out 1-3 (Groundball, 13S, EV 71.2 MPH)
Top of the 6th over - 0 runs, 0 hits, 0 errors, 0 left on base; Vanderbilt University 0 - University of Arizona 0
BOTTOM OF THE 6TH
University of Arizona Wildcats batting - Pitching for Vanderbilt University Commodores : RHP Mamadou Morand
Now at 1B: Jelani Griffin
Batting: RHB Ron Dondale 0-0: Called Strike
0-1: Foul Ball, location: 2F
0-2: Ball
1-2: Ball
2-2: Strikes out swinging
Batting: RHB Ricardo Fernandez 0-0: Ball
1-0: Called Strike
1-1: Ball
2-1: Foul Ball, location: 2F
2-2: Foul Ball, location: 2F
2-2: Foul Ball, location: 2F
2-2: Reached on error, E6 (Groundball, 6, EV 95.6 MPH)
Batting: RHB Steve Carmichael 0-0: Intentional Walk
Pitching: RHP Matt Lane
Batting: RHB Manny Corral 0-0: Swinging Strike
0-1: Ball
1-1: Foul Ball, location: 2F
1-2: Foul Ball, location: 2F
1-2: Fly out, F4 (Popup, 34S, EV 86.9 MPH)
Batting: LHB Lihau Keawe 0-0: Ground out 4-3 (Groundball, 4, EV 84.4 MPH)
Bottom of the 6th over - 0 runs, 0 hits, 1 error, 2 left on base; Vanderbilt University 0 - University of Arizona 0
TOP OF THE 7TH
Vanderbilt University Commodores batting - Pitching for University of Arizona Wildcats : LHP Lance Freake
Pinch Hitting: RHB Paul Johnson 0-0: SINGLE (Line Drive, 4MD, EV 98.1 MPH)
Batting: RHB Mike Weeks 0-0: Foul Ball, location: 2F
0-1: Ball
1-1: Sac Bunt to 15S - play at second, runner OUT! 1-6
Batting: RHB Ryan Cole 0-0: Ball
1-0: Ball
2-0: Fly out, F8 (Flyball, 89M, EV 78.1 MPH)
Batting: RHB Jose Ramos 0-0: Called Strike
0-1: Swinging Strike
0-2: Ball
1-2: Ball
2-2: Fly out, F8 (Line Drive, 8LM, EV 98.1 MPH)
Top of the 7th over - 0 runs, 1 hit, 0 errors, 1 left on base; Vanderbilt University 0 - University of Arizona 0
BOTTOM OF THE 7TH
University of Arizona Wildcats batting - Pitching for Vanderbilt University Commodores : RHP Matt Lane
Pitching: RHP Wilson Mendez
Now at 1B: Paul Johnson
Now in RF: Jelani Griffin
Batting: RHB Larry Harlow 0-0: Ball
1-0: Swinging Strike
1-1: Swinging Strike
1-2: Ball
2-2: Foul Ball, location: 2F
2-2: Ball
3-2: SINGLE (Line Drive, 7LS, EV 109.4 MPH)
Batting: SHB George Grace 0-0: Foul Ball, location: 2F
0-1: Fly out, F8 (Flyball, 8LD, EV 103.1 MPH)
Batting: LHB Pascal Noël 0-0: Ball
1-0: Ball
2-0: Foul Ball, location: 2F
2-1: Ball
3-1: Called Strike
3-2: Foul Ball, location: 2F
3-2: Foul Ball, location: 2F
3-2: Base on Balls
Larry Harlow to second
Batting: LHB Jere Paatelainen 0-0: Called Strike
0-1: Ball
1-1: Ball
2-1: Foul Ball, location: 2F
2-2: Fly out, F7 (Flyball, 78S, EV 95.0 MPH)
Batting: RHB Ron Dondale 0-0: Swinging Strike
0-1: Ball
1-1: Fly out, F9 (Line Drive, 9D, EV 93.1 MPH)
Bottom of the 7th over - 0 runs, 1 hit, 0 errors, 2 left on base; Vanderbilt University 0 - University of Arizona 0
TOP OF THE 8TH
Vanderbilt University Commodores batting - Pitching for University of Arizona Wildcats : LHP Lance Freake
Batting: RHB Mel Bohorquez 0-0: Foul Ball, location: 2F
0-1: Ball
1-1: DOUBLE (Line Drive, 89D, EV 115.0 MPH)
Batting: LHB Ryan Adams 0-0: Ball
Balk!
Mel Bohorquez to third
1-0: Called Strike
1-1: Swinging Strike
1-2: Foul Ball, location: 2F
1-2: Strikes out looking
Batting: RHB Jelani Griffin 0-0: Intentional Walk
Batting: RHB Ryan Wright 0-0: Called Strike
0-1: Called Strike
0-2: Ball
Passed Ball!
Mel Bohorquez scores
Jelani Griffin to second
1-2: Ball
2-2: Ball
3-2: Fly out, F8 (Flyball, 8LM, EV 87.5 MPH)
Batting: LHB Garret Mathis 0-0: Ball
1-0: Called Strike
1-1: Ball
2-1: Swinging Strike
2-2: Ball
3-2: Base on Balls
Pitching: RHP Brendan Malzone
Batting: RHB Paul Johnson 0-0: Foul Ball, location: 2F
0-1: Ball
1-1: Ball
2-1: Ball
3-1: Base on Balls
Jelani Griffin to third
Garret Mathis to second
Batting: RHB Mike Weeks 0-0: Called Strike
0-1: Ball
1-1: Foul Ball, location: 2F
1-2: Ball
2-2: Ball
3-2: Strikes out swinging
Top of the 8th over - 1 run, 1 hit, 0 errors, 3 left on base; Vanderbilt University 1 - University of Arizona 0
BOTTOM OF THE 8TH
University of Arizona Wildcats batting - Pitching for Vanderbilt University Commodores : RHP Wilson Mendez
Pitching: RHP Tyler Patel
Batting: RHB Ricardo Fernandez 0-0: Called Strike
0-1: Called Strike
0-2: Ball
1-2: Ground out 4-3 (Groundball, 4M, EV 90.6 MPH)
Batting: RHB Steve Carmichael 0-0: Called Strike
0-1: Foul Ball, location: 2F
0-2: Ground out 4-3 (Groundball, 34, EV 91.9 MPH)
Now at 2B: Mike Weeks
Now in LF: Pakiana Kileona
Pinch Hitting: LHB Andrew Davis 0-0: Ball
1-0: Ball
2-0: Ball
3-0: Called Strike
3-1: Base on Balls
Pitching: LHP Tim Dyer
Pinch Hitting: RHB Dan Doggett 0-0: Called Strike
0-1: Foul Ball, location: 2F
0-2: Ground out 4-3 (Groundball, 4, EV 86.9 MPH)
Bottom of the 8th over - 0 runs, 0 hits, 0 errors, 1 left on base; Vanderbilt University 1 - University of Arizona 0
TOP OF THE 9TH
Vanderbilt University Commodores batting - Pitching for University of Arizona Wildcats : RHP Brendan Malzone
Now at SS: Andrew Davis
Now in RF: Dan Doggett
Batting: RHB Ryan Cole 0-0: Called Strike
0-1: Called Strike
0-2: Ball
1-2: Ball
2-2: SINGLE (Groundball, 34D, EV 104.4 MPH)
Batting: RHB Jose Ramos 0-0: Ball
1-0: Bunt - Flyout to 13! F1
Batting: RHB Mel Bohorquez 0-0: Fly out, F8 (Flyball, 8RD, EV 94.4 MPH)
Batting: RHB Pakiana Kileona 0-0: Called Strike
0-1: Foul Ball, location: 2F
0-2: Ball
1-2: Fielders Choice at 2nd, 6-4 (Groundball, 6, EV 86.9 MPH)
Top of the 9th over - 0 runs, 1 hit, 0 errors, 1 left on base; Vanderbilt University 1 - University of Arizona 0
BOTTOM OF THE 9TH
University of Arizona Wildcats batting - Pitching for Vanderbilt University Commodores : LHP Tim Dyer
Batting: RHB Larry Harlow 0-0: Foul Ball, location: 2F
0-1: Foul Ball, location: 2F
0-2: Ball
1-2: Fly out, F9 (Flyball, 89M, EV 88.1 MPH)
Batting: SHB George Grace 0-0: Ball
1-0: Ball
2-0: Ground out 4-3 (Groundball, 4, EV 79.4 MPH)
Batting: LHB Pascal Noël 0-0: Swinging Strike
0-1: Foul Ball, location: 2F
0-2: Ball
1-2: Foul Ball, location: 2F
1-2: Ball
2-2: Strikes out swinging
Bottom of the 9th over - 0 runs, 0 hits, 0 errors, 0 left on base; Vanderbilt University 1 - University of Arizona 0
Tuesday, March 28th , 2023 - OOTP Baseball 23.10 Build 110